 Dungeon Crawl Stone Soup version 0.30-a0-782-ge64f9170bb (webtiles) character file.

Game seed: 16466974279225715567

98 theswoord the Ruffian (level 4, 0/45 HPs)
             Began as a Troll Monk on Feb 22, 2023.
             Was an Initiate of Ashenzari.
             Slain by Edmund
             ... wielding a +2 dire flail of protection
              (16 damage)
             ... on level 4 of the Dungeon.
             The game lasted 00:03:57 (2360 turns).

theswoord the Ruffian (Troll Monk)                  Turns: 2360, Time: 00:03:58

Health: 0/45       AC:  4    Str: 21    XL:     4   Next: 43%
Magic:  3/3        EV: 10    Int:  6    God:    Ashenzari [......]
Gold:   290        SH:  0    Dex: 12    Spells: 3/3 levels left

rFire   . . .      SeeInvis .      - Unarmed
rCold   . . .      Faith    .    (no shield)
rNeg    . . .      Spirit   .    a - +0 robe
rPois   .          Reflect  .    (helmet restricted)
rElec   .          Harm     .    (no cloak)
rCorr   .          Rampage  .    (gloves unavailable)
Will    .....                    (boots unavailable)
Stlth   +                        (no amulet)
HPRegen 1.07/turn                (no ring)
MPRegen 0.08/turn                (no ring)

@: confused, ambrosia-drunk
A: large, unfitting armour, claws 3, regeneration 1, shaggy fur 1, tough skin 1
a: Renounce Religion, Curse Item


You were on level 4 of the Dungeon.
You worshipped Ashenzari.
Ashenzari was noncommittal.
You visited 1 branch of the dungeon, and saw 4 of its levels.

You collected 290 gold pieces.

Inventory:

Armour
 a - a +0 robe (worn)
Jewellery
 i - a +5 ring of evasion
Scrolls
 d - 6 scrolls of identify
 g - 2 scrolls of summoning
Potions
 c - a potion of magic {unknown}
 e - a potion of curing
 f - a potion of attraction {unknown}
 h - a potion of heal wounds {unknown}


   Skills:
 + Level 3.5 Fighting
 - Level 2.4 Dodging
 - Level 1.0 Stealth
 + Level 4.3 Unarmed Combat


You had 3 spell levels left.
You didn't know any spells.
Your spell library was empty.

Dungeon Overview and Level Annotations

Branches:
Dungeon (4/15)
 Temple: D:4-7

Altars:
Ashenzari

Annotations:
D:4 Edmund


Innate Abilities, Weirdness & Mutations

You are too large for most types of armour.
You have claws for hands.
Your natural rate of healing is unusually fast.
You are covered in fur. (AC +1)
You have tough skin. (AC +1)


Message History

You hear a shout!
You scratch the orc. The orc hits you with a +0 club.
You scratch the orc.
You kill the orc!
Edmund closely misses you.
You see here a +0 club.
You scratch Edmund but do no damage.
Edmund hits you with a +2 dire flail of protection!
You scratch Edmund. You scratch Edmund but do no damage.
The orc wizard hits you but does no damage.
Edmund closely misses you.
You barely miss Edmund.
Edmund hits you with a +2 dire flail of protection!
The orc wizard gestures at you while chanting.
The puff of flame hits you.
* * * LOW HITPOINT WARNING * * *
You claw Edmund!
The orc wizard hits you but does no damage.
Edmund barely misses you.
You scratch Edmund.
The orc wizard hits you with a +0 dagger.
* * * LOW HITPOINT WARNING * * *
Edmund hits you with a +2 dire flail of protection!
* * * LOW HITPOINT WARNING * * *
You barely miss Edmund.
The orc wizard hits you with a +0 dagger.
* * * LOW HITPOINT WARNING * * *
Edmund hits you with a +2 dire flail of protection.
* * * LOW HITPOINT WARNING * * *
You are confused.
You feel invigorated. The orc wizard closely misses you.
Edmund barely misses you.
You closely miss Edmund. Edmund barely misses you.
The orc wizard hits you but does no damage.
A worm comes into view.
You scratch Edmund but do no damage.
The orc wizard hits you but does no damage.
Edmund hits you with a +2 dire flail of protection!
You die...

.........).###..##
.#.....<...##.#########
....#.).................
## ###...#...##...#...
#.#.##............
..#..#...#...#...#
#####..............
####.o#.#########
#...o@@.# #.^#.###..# .
#. ...# . .....# o
#....... ##.w.....
......... .........


You could see Edmund, a worm, an orc wizard and an orc.

Vanquished Creatures
  2 adders
  An ufetubus (D:4)
  A dart slug (D:1)
  3 worms
  4 orcs
  5 endoplasms
  A giant cockroach (D:1)
  5 goblins
  6 hobgoblins
  7 jackals
  A quokka (D:2)
  5 ball pythons
  A bat (D:1)
  3 frilled lizards (D:1)
  7 kobolds
  4 rats
56 creatures vanquished.

Notes
Turn   | Place    | Note
-------+----------+-------------------------------------------
     0 | D:1      | theswoord the Troll Monk began the quest for the Orb.
     0 | D:1      | Reached XP level 1. HP: 22/22 MP: 0/0
   125 | D:1      | Reached XP level 2. HP: 29/29 MP: 1/1
   327 | D:1      | Found a faded altar of an unknown god.
   495 | D:1      | Reached XP level 3. HP: 37/37 MP: 2/2
  1181 | D:2      | Reached skill level 4 in Unarmed Combat
  1331 | D:3      | Found a broken altar of Ashenzari.
  1468 | D:3      | Reached XP level 4. HP: 36/44 MP: 3/3
  1523 | D:3      | Became a worshipper of Ashenzari the Shackled
  2346 | D:4      | Noticed Edmund
  2357 | D:4      | HP: 2/45 [Edmund/+2 dire flail of protection (5)]
  2360 | D:4      | Slain by Edmund

Skill      XL: |  1  2  3 |
---------------+----------+-----
Fighting       | 3 |  3.5
Unarmed Combat | 4 |  4.3
Dodging        | |  2.4
Stealth        | |  1.0

Action                     |  1- 3 |  4- 6 || total
---------------------------+-------+-------++-------
  Melee: Unarmed           |    88 |    37 ||   125
         Punch             |     3 |       ||     3
    Use: Scroll            |     2 |     2 ||     4
         Potion            |       |     1 ||     1
   Stab: Sleeping          |     4 |     1 ||     5
 Armour: Robe              |    19 |     8 ||    27
  Dodge: Dodged            |    44 |    16 ||    60

Levels and vault maps discovered:
D:1:      evilmike_arrival_rings, layout_basic, chequers_ecumenical_altar_island
D:2:      layout_loops_cross, guppyfry_early_lair_pool
D:3:      layout_basic, lemuel_doored_altar, chequers_big_river,
          wad_floor_pattern_untrapped
D:4:      layout_rooms, trog_hazing_becter, lemuel_coloured_pillars_altar,
          chequers_serial_rivers_micro_c, uniq_menkaure, uniq_edmund
